 Dungeon Crawl Stone Soup version 0.27.0-1-g7a089689b8 (webtiles) character file.

Game seed: 10272372456149310084

14771 unlimited1921 the Thaumaturge (level 12, -4/145 HPs)
             Began as a Hill Orc Fire Elementalist on Aug 17, 2021.
             Slain by a phantasmal warrior (13 damage)
             ... led by a death knight
             ... on level 15 of the Dungeon on Aug 18, 2021.
             The game lasted 04:00:11 (35403 turns).

unlimited1921 the Thaumaturge (HOFE)               Turns: 35403, Time: 04:00:12

Health: -4/145     AC: 26    Str: 13    XL:     12   Next: 20%
Magic:  6/26       EV:  2    Int: 24    God:
Gold:   339        SH:  0    Dex: 17    Spells: 14/32 levels left

rFire    . . .     SeeInvis .   A - +3 long sword (protect)
rCold    . . .     Faith    .   (no shield)
rNeg     + + +     Spirit   .   (armour currently unavailable)
rPois    +         Reflect  .   (helmet currently unavailable)
rElec    .         Harm     .   (cloak currently unavailable)
rCorr    .         Rampage  .   (gloves currently unavailable)
Will     .....     NoTele   +   (boots currently unavailable)
Stlth    +.........             (no amulet)
HPRegen  0.34/turn              j - +6 ring of dexterity
MPRegen  0.20/turn              K - +6 ring of intelligence

@: confused, tree-form, weak-willed, ambrosia-drunk
A: stationary, stasis, torment immunity, boosted hp
a: no special abilities


You were on level 15 of the Dungeon.
You were a tree.
You visited 2 branches of the dungeon, and saw 16 of its levels.

You collected 675 gold pieces.
You spent 336 gold pieces at shops.

Inventory:

Hand Weapons
 h - a +1 hand axe of venom
 s - a +1 dagger of chaos
 A - a +3 long sword of protection (weapon)
 E - the +1 hand axe of the Candelabrum {vorpal, rElec Str+4}
   (You took it off a goblin on level 4 of the Dungeon)

   It inflicts extra damage upon your enemies.
   Str:       It affects your strength (+4).
   rElec:     It insulates you from electricity.
 T - a +0 shortbow of freezing
 W - a +3 quarterstaff of chaos
Missiles
 c - 30 poisoned darts
 o - 5 javelins
 p - 133 bolts
 t - 12 curare-tipped darts
 G - 107 arrows
 S - 4 datura-tipped darts
 V - 5 boomerangs
Armour
 k - a +2 helmet (melded)
 m - a +1 leather armour (melded)
 n - a +2 pair of gloves (melded)
 z - a +2 cloak of preservation (melded)
 R - +0 swamp dragon scales
Jewellery
 j - a +6 ring of dexterity (left branch)
 K - a +6 ring of intelligence (right branch)
 U - a +6 ring of dexterity
Wands
 q - a wand of polymorph (12)
 y - a wand of flame (4) (quivered)
 D - a wand of digging (9)
 O - a wand of mindburst (10)
Scrolls
 b - a scroll of brand weapon
 d - a scroll of silence
 f - a scroll of immolation {unknown}
 g - 2 scrolls of magic mapping
 i - a scroll of vulnerability
 v - 4 scrolls of noise
 w - a scroll of teleportation {unknown}
 B - 2 scrolls of amnesia
 C - a scroll of fog
 L - a scroll of torment {unknown}
Potions
 l - 3 potions of cancellation
 r - 3 potions of mutation
 x - 2 potions of might {unknown}
 F - a potion of magic
 H - 2 potions of brilliance
 X - 2 potions of flight


   Skills:
 * Level 6.9 Fighting
 - Level 6.0 Long Blades
 - Level 1.0 Axes
 * Level 6.3 Armour
 + Level 4.0 Dodging
 + Level 2.2 Stealth
 * Level 10.8 Spellcasting
 - Level 2.5 Conjurations
 + Level 1.4 Hexes
 + Level 6.5 Fire Magic
 * Level 2.3 Air Magic
 * Level 3.2 Poison Magic


You had 14 spell levels left.
You knew the following spells:

 Your Spells              Type           Power      Damage    Failure   Level
a - Foxfire               Conj/Fire      100%       2x1d9     1%          1
b - Inner Flame           Hex/Fire       32%        N/A       2%          3
c - Poisonous Vapours     Pois/Air       52%        N/A       2%          2
d - Conjure Flame         Conj/Fire      34%        6-21      2%          3
e - Dazzling Flash        Conj/Hex       44%        N/A       6%          3
f - Ignite Poison         Fire/Tmut/Pois 28%        N/A       3%          3
g - Swiftness             Air            24%        N/A       5%          3

Your spell library contained the following spells:

 Spells                   Type           Power      Damage    Failure   Level
 Sting                    Tmut/Pois      80%        1d7       2%          1
 Static Discharge         Conj/Air       24%        N/A       2%          2
 Corpse Rot               Necr/Air       N/A        N/A       4%          2
 Passwall                 Tmut/Erth      10%        N/A       8%          2
 Sticky Flame             Conj/Fire      34%        2d5       8%          4
 Olgreb's Toxic Radiance  Pois           28%        N/A       12%         4
 Fireball                 Conj/Fire      17%        3d9       21%         5
 Iskenderun's Mystic Bla  Conj/Tloc      19%        2d6       28%         4
 Dispel Undead            Necr           13%        3d9       43%         4
 Silence                  Hex/Air        11%        N/A       52%         5
 Freezing Cloud           Conj/Ice/Air   10%        6-21      56%         5
 Starburst                Conj/Fire      17%        8x6d6     75%         6
 Agony                    Necr           13%        N/A       80%         5
 Invisibility             Hex            10%        N/A       99%         6


Dungeon Overview and Level Annotations

Branches:
Dungeon (15/15)            Temple (1/1) D:6            Lair (0/6) D:10
    Orc: D:9-12      Vaults: D:13-14     Depths: D:15

Altars:
Ashenzari
Cheibriados
Dithmenos
Elyvilon
Fedhas
Gozag
Hepliaklqana
Kikubaaqudgha
Makhleb
Nemelex Xobeh
Okawaru
Qazlal
Ru
Sif Muna
Trog
Uskayaw
Vehumet
Wu Jian
Xom
Yredelemnul
Zin
The Shining One

Shops:
D:2 !

Annotations:
D:14 1 runed translucent door


Message History

There is a stone staircase leading down here.
The green ugly thing closely misses you.
The phantasmal warrior misses you.
The centaur warrior unwields a +0 shortbow.
The centaur warrior hits you!
* * * LOW HITPOINT WARNING * * *
The centaur warrior kicks you but does no damage.
You climb downwards.
You feel a wave of frost pass over you.
There is an entrance to an ice cave on this level.
Hurry and find it before the portal melts!
Found an ancient spear.
There is a stone staircase leading up here.
As you read the scroll of fear, it crumbles to dust.
You assume a fearsome visage.
The phantasmal warrior is unaffected.
The green ugly thing looks frightened!
The phantasmal warrior hits you.
* * * LOW HITPOINT WARNING * * *
The green ugly thing's inner flame fades away.
Press: ? - help, v - describe, . - travel
Here: a phantasmal warrior (moderately damaged)
A stone staircase leading up.
Press: ? - help, v - describe, . - travel, g - get item Item here: an ancient spear.
The floor.
Unknown command.
You turn into a tree.
Your +2 cloak of preservation melds into your body.
Your +2 helmet melds into your body.
Your +2 pair of gloves melds into your body.
Your +1 leather armour melds into your body.
Your roots penetrate the ground.
The phantasmal warrior hits you but does no damage.
Press: ? - help, v - describe, . - travel
Here: a phantasmal warrior (moderately damaged)
A stone staircase leading up.
As you read the scroll of fog, it crumbles to dust.
The scroll dissolves into smoke.
The phantasmal warrior hits you but does no damage.
You are confused.
You feel invigorated. The phantasmal warrior hits you!
You die...

.. .#
###u####
#......#
#......#
#......#
#......#
#W§§...#
#♣§§...#
#§§§...#
#§§....#
#......#
#......#
########


You could see a green ugly thing (fleeing) and a phantasmal warrior.

Vanquished Creatures
  2 hydras
  3 two-headed ogres
  2 ugly things (D:14)
  A manticore (D:11)
  A gargoyle (D:11)
  Maggie (D:7)
  An unseen horror (D:11)
  2 kobold demonologists
  A rime drake (shapeshifter) (D:14)
  A troll (D:10)
  3 slime creatures
  A shadow (D:10)
  A spriggan (shapeshifter) (D:14)
  4 wraiths
  A wyvern (D:10)
  14 yaks
  3 vampire mosquitoes (D:11)
  2 basilisks (D:14)
  2 steam dragons
  A water moccasin (shapeshifter) (D:14)
  An acid dragon (D:10)
  2 water moccasins
  4 orc warriors
  A sky beast (D:7)
  2 black bears
  An ogre (D:5)
  3 centaurs
  A boggart (D:5)
  3 kobold brigands
  Blork the orc (D:4)
  3 bullfrogs
  A gnoll sergeant (D:11)
  3 scorpions
  A wyvern skeleton (D:7)
  Dowan (D:4)
  A howler monkey (D:10)
  An electric eel (D:11)
  7 wights
  4 crimson imps (D:10)
  A bullfrog zombie (D:5)
  3 centaur zombies
  A hound (D:7)
  Crazy Yiuf (D:7)
  A gnoll shaman (D:7)
  5 orc priests
  2 centaur skeletons (D:7)
  A jelly (D:4)
  Jessica (D:2)
  Terence (D:2)
  4 orc wizards
  3 iguanas
  A hound skeleton (D:4)
  9 gnolls
  A howler monkey zombie (D:10)
  6 adders
  2 shadow imps
  2 ufetubi
  4 worms
  A dart slug (D:1)
  24 orcs
  8 ball pythons
  9 endoplasms
  2 giant cockroaches
  9 goblins
  7 hobgoblins
  15 jackals
  5 bats
  A frilled lizard (D:1)
  5 kobolds
  7 rats
230 creatures vanquished.

Vanquished Creatures (collateral kills)
  3 foxfires
3 creatures vanquished.

Vanquished Creatures (others)
  An orc wizard (D:9)
  A gnoll (D:7)
  972 foxfires
  18 fungi
  18 plants (D:10)
1010 creatures vanquished.

Grand Total: 1243 creatures vanquished

Notes
Turn   | Place    | Note
-------+----------+-------------------------------------------
     0 | D:1      | unlimited1921 the Hill Orc Fire Elementalist began the
                  | quest for the Orb.
     0 | D:1      | Reached XP level 1. HP: 14/14 MP: 3/3
   100 | D:1      | Found a faded altar of an unknown god.
   615 | D:1      | Reached XP level 2. HP: 20/20 MP: 0/4
  1314 | D:1      | Reached XP level 3. HP: 21/26 MP: 0/5
  2957 | D:2      | Reached skill level 2 in Spellcasting
  3214 | D:2      | You fall into a shaft and drop 2 floors!
  3222 | D:4      | Reached XP level 4. HP: 31/34 MP: 1/7
  3430 | D:4      | Noticed Dowan
  3433 | D:4      | Noticed Duvessa
  3437 | D:4      | Killed Dowan
  3438 | D:4      | Reached skill level 1 in Fighting
  3438 | D:4      | Reached XP level 5. HP: 37/40 MP: 0/8
  3452 | D:5      | Entered Level 5 of the Dungeon
  3453 | D:5      | Noticed Duvessa
  3453 | D:5      | Duvessa changed into Duvessa the boggart
  3459 | D:5      | HP: 1/40 [jackal[Duvessa the boggart] (3)]
  4315 | D:6      | Reached skill level 1 in Armour
  4787 | D:6      | Found a staircase to the Ecumenical Temple.
  4789 | D:6      | Noticed a black bear
  4807 | D:6      | Killed a black bear
  4808 | D:6      | Reached XP level 6. HP: 24/48 MP: 1/10
  5922 | D:6      | Found an ancient bone altar of Kikubaaqudgha.
  5922 | D:6      | Found a burning altar of Makhleb.
  6018 | D:5      | Found a sparkling altar of Nemelex Xobeh.
  6123 | D:5      | Reached skill level 3 in Spellcasting
  6405 | D:5      | Reached XP level 7. HP: 48/56 MP: 5/11
  6576 | D:5      | Reached skill level 1 in Axes
  6576 | D:5      | Reached skill level 5 in Fire Magic
  6672 | D:5      | Noticed a sun demon
  6672 | D:5      | Noticed a kobold demonologist
  6674 | D:5      | Noticed a sun demon
  6674 | D:5      | Noticed a kobold demonologist
  6675 | D:5      | Noticed a kobold demonologist
  7768 | D:4      | Identified the +1 hand axe of the Candelabrum {vorpal,
                  | rElec Str+4}
  8094 | D:4      | Noticed Blork the orc
  8117 | D:4      | Killed Blork the orc
  8932 | D:4      | Found an ornate altar of the Wu Jian Council.
 11713 | D:2      | Noticed Jessica
 11717 | D:2      | Killed Jessica
 12999 | D:2      | Noticed Terence
 13010 | D:2      | Killed Terence
 13011 | D:2      | Reached skill level 1 in Long Blades
 13212 | D:2      | Found Ruexae's Distillery.
 13217 | D:2      | Bought 2 potions of heal wounds for 120 gold pieces
 13217 | D:2      | Bought a potion of haste for 120 gold pieces
 13217 | D:2      | Bought a potion of invisibility for 96 gold pieces
 13692 | D:4      | Learned a level 3 spell: Inner Flame
 13695 | D:4      | Learned a level 2 spell: Poisonous Vapours
 13732 | D:5      | Killed Duvessa the boggart
 13733 | D:5      | Reached XP level 8. HP: 58/63 MP: 0/13
 14420 | D:5      | Reached skill level 4 in Spellcasting
 16211 | D:5      | Noticed a ynoxinul
 16211 | D:5      | Noticed a smoke demon
 16215 | D:5      | Noticed an ice devil
 16216 | D:5      | Noticed a red devil
 16976 | D:5      | Noticed a sun demon
 16997 | D:4      | Noticed an ice devil
 17004 | D:4      | Noticed a smoke demon
 17013 | D:4      | Noticed a smoke demon
 17029 | D:5      | Killed a kobold demonologist
 17030 | D:5      | Reached skill level 5 in Spellcasting
 17998 | Temple   | Entered the Ecumenical Temple
 18705 | D:7      | Reached XP level 9. HP: 49/71 MP: 10/17
 18745 | D:7      | Noticed Maggie
 18757 | D:7      | Killed Maggie
 18974 | D:7      | Reached skill level 6 in Spellcasting
 19597 | D:7      | Found a basalt altar of Yredelemnul.
 20069 | D:7      | Learned a level 3 spell: Conjure Flame
 21402 | D:7      | Found a runed translucent door.
 21403 | D:7      | Noticed Crazy Yiuf
 21423 | D:7      | Killed Crazy Yiuf
 21987 | D:8      | Reached skill level 7 in Spellcasting
 23002 | D:8      | Noticed a two-headed ogre
 23011 | D:8      | Killed a two-headed ogre
 23012 | D:8      | Reached skill level 8 in Spellcasting
 23012 | D:8      | Reached XP level 10. HP: 64/80 MP: 5/22
 24213 | D:8      | Learned a level 3 spell: Dazzling Flash
 24802 | D:9      | Found a white marble altar of Elyvilon.
 24808 | D:9      | Found a hazy altar of Hepliaklqana.
 24810 | D:9      | Found a glowing silver altar of Zin.
 25197 | D:9      | Reached skill level 9 in Spellcasting
 26299 | D:10     | Entered Level 10 of the Dungeon
 26319 | D:10     | Reached skill level 5 in Long Blades
 26329 | D:10     | Reached skill level 5 in Fighting
 27523 | D:10     | Reached XP level 11. HP: 79/88 MP: 24/24
 27716 | D:10     | Reached skill level 5 in Armour
 28222 | D:10     | Found an iron altar of Okawaru.
 28223 | D:10     | Found a bloodstained altar of Trog.
 28638 | D:10     | Found a staircase to the Lair.
 28741 | D:10     | Found a shimmering altar of Xom.
 28742 | D:10     | Noticed a two-headed ogre
 28781 | D:10     | Reached skill level 10 in Spellcasting
 28798 | D:10     | Killed a two-headed ogre
 29488 | D:11     | Found Bodeofui's Antique Weapon Shop.
 29826 | D:11     | Reached skill level 1 in Air Magic
 30125 | D:11     | Noticed a five-headed hydra
 30214 | D:10     | Killed a five-headed hydra
 30215 | D:10     | Reached skill level 1 in Hexes
 31406 | D:11     | Reached skill level 1 in Poison Magic
 31781 | D:11     | Noticed a manticore
 31794 | D:11     | Killed a manticore
 32088 | D:11     | Learned a level 3 spell: Ignite Poison
 32092 | D:11     | Learned a level 3 spell: Swiftness
 32136 | D:11     | You fall into a shaft and drop 2 floors!
 32154 | D:12     | Noticed a sun demon
 32154 | D:12     | Noticed a sun demon
 32176 | D:13     | HP: 1/89 [slime creature (6)]
 33466 | D:14     | Noticed a two-headed ogre
 33489 | D:13     | HP: 4/89 [two-headed ogre (13)]
 33494 | D:13     | Killed a two-headed ogre
 35127 | D:14     | Found a runed translucent door.
 35165 | D:14     | Noticed a vampire knight
 35191 | D:14     | Reached XP level 12. HP: 93/97 MP: 13/26
 35317 | D:14     | Noticed a seven-headed hydra
 35317 | D:14     | Noticed a death knight
 35326 | D:14     | Noticed a centaur warrior
 35355 | D:14     | Killed a seven-headed hydra
 35397 | D:14     | HP: 4/97 [centaur warrior (11)]
 35398 | D:15     | Entered Level 15 of the Dungeon
 35403 | D:15     | Slain by a phantasmal warrior

Illustrated notes

Levels and vault maps discovered:
D:1:      giann_wishing_wells, layout_loops_corners,
          ebering_ecumenical_altar_box, minmay_bisected
D:2:      layout_basic, serial_shops, shop, kennysheep_generic_room_11,
          uniq_jessica, uniq_terence
D:3:      layout_basic
D:4:      layout_rooms, mainiacjoe_overflow_alcove_4, uniq_duvessa,
          uniq_blork_the_orc
D:5:      layout_layer_cave, old_standard_altar, corexii_corridor_pit,
          minmay_crystal_room
D:6:      layout_rooms, gammafunk_temple_overflow_wave,
          minmay_temple_entry_stoned_glass
D:7:      layout_layer_cave, old_standard_altar, amethyst_killhole,
          sigmund_army, uniq_crazy_yiuf_cottage, uniq_maggie
D:8:      layout_cave_pods
D:9:      layout_basic, nicolae_overflow_hidden_temple
D:10:     layout_roguey, grunt_temple_overflow_bloody_war, led_xom_imps,
          grunt_lair_entry_orc_guard_hut, hex_large, minmay_diced_spiral
D:11:     layout_gridville, serial_shops, nicolae_shop_waterfront,
          nicolae_shop_behind_doors, shop, fountainhead,
          minmay_misc_feat_diagonals
D:12:     cheibrodos_quadrivalence, layout_long_grid, zombieorc2_lemuel,
          gammafunk_ghost_nasty_kobolds
D:13:     layout_roguey, david_vaults_5, hellmonk_guarded_unrand_gong,
          uniq_erolcha
D:14:     layout_rooms, nrook_pool_corridor, minivault_13
D:15:     hangedman_depths_entry_civil_slaughter, layout_basic, serial_shops,
          bzr_entry_customers, hex_intersection,
          portal_ice_cave_entry_ugly_swarm, nicolae_ru_path_of_blood
Temple:   minmay_temple_curvy_loop

Skill      XL: |  1  2  3  4  5  6  7  8  9 10 11 12 |
---------------+-------------------------------------+-----
Fire Magic     | 4 5 6 |  6.5
Spellcasting   | 2 3 5 8 9 10 | 10.8
Fighting       | 1 2 3 4 5 6 |  6.9
Armour         | 1 2 3 4 6 |  6.3
Conjurations   | 2 |  2.5
Dodging        | 2 3 4 |  4.0
Axes           | 1 |  1.0
Stealth        | 2 |  2.2
Long Blades    | 1 4 5 6 |  6.0
Air Magic      | 2 |  2.3
Hexes          | 1 |  1.4
Poison Magic   | 2 3 |  3.2

Action                   |  1- 3 |  4- 6 |  7- 9 | 10-12 || total
-------------------------+-------+-------+-------+-------++-------
Melee: Staff             |    11 |     8 |       |       ||    19
       Hand axe          |       |    17 |       |       ||    17
       Long sword        |       |       |    99 |   159 ||   258
Throw: Dart              |     1 |       |       |       ||     1
 Cast: Foxfire           |    60 |    77 |   264 |   188 ||   589
       Inner Flame       |       |       |    28 |    43 ||    71
       Poisonous Vapours |       |       |     3 |    22 ||    25
       Conjure Flame     |       |       |     1 |    14 ||    15
       Ignite Poison     |       |       |       |     5 ||     5
       Dazzling Flash    |       |       |       |     5 ||     5
Evoke: Wand              |       |     1 |     7 |    20 ||    28
  Use: Potion            |       |     1 |     5 |    11 ||    17
       Scroll            |       |       |     9 |    13 ||    22
 Stab: Sleeping          |       |       |     2 |       ||     2
Armor: Robe              |     8 |       |       |       ||     8
       Leather armour    |     5 |    23 |    71 |   144 ||   243
       Skin              |       |       |       |     3 ||     3
Dodge: Dodged            |    34 |    48 |    92 |   158 ||   332
       Rpst.: Long sword |       |       |    31 |    43 ||    74
